 Dungeon Crawl Stone Soup version 0.23.1-37-gaa34b87b72 (webtiles) character file.

Game seed: 10133657723859478439

97 PentaManta the Vandal (level 5, 0/36 HPs)
             Began as a Halfling Hunter on Mar 24, 2019.
             Was an Initiate of Okawaru.
             Slain by an orc
             ... wielding a +0 flail
              (10 damage)
             ... on level 3 of the Dungeon.
             The game lasted 00:03:49 (2057 turns).

PentaManta the Vandal (Halfling Hunter)             Turns: 2057, Time: 00:03:50

Health: 0/36       AC:  3    Str: 14    XL:     5   Next: 0%
Magic:  5/5        EV: 15    Int:  9    God:    Okawaru [......]
Gold:   73         SH:  0    Dex: 15    Spells: 4/4 levels left

rFire    . . .     SeeInvis .   a - +1 hunting sling
rCold    . . .     Gourm    .   (shield restricted)
rNeg     . . .     Faith    .   c - +0 leather armour
rPois    .         Spirit   .   (no helmet)
rElec    .         Reflect  .   (no cloak)
rCorr    .         Harm     .   (no gloves)
MR       .....                  (no boots)
Stlth    ++........             (no amulet)
HPRegen  0.12/turn              (no ring)
MPRegen  0.09/turn              (no ring)

@: no status effects
A: small, mutation resistance 1
a: Renounce Religion


You were on level 3 of the Dungeon.
You worshipped Okawaru.
Okawaru was noncommittal.
You were not hungry.

You visited 1 branch of the dungeon, and saw 3 of its levels.

You collected 73 gold pieces.

Inventory:

Hand Weapons
 a - a +1 hunting sling (weapon)
 b - a +0 short sword
Missiles
 k - 31 stones (quivered)
Armour
 c - a +0 leather armour (worn)
 q - a +0 shield
Jewellery
 e - an uncursed amulet of magic regeneration {unknown}
 j - a cursed -2 ring of evasion {unknown}
Wands
 s - a wand of flame (15)
Scrolls
 g - 3 scrolls of teleportation {unknown}
 i - a scroll of blinking {unknown}
 m - a scroll of noise {unknown}
 n - a scroll of enchant armour {unknown}
 o - 2 scrolls of remove curse {unknown}
 p - a scroll of identify {unknown}
 t - a scroll of random uselessness {unknown}
Potions
 h - a potion of ambrosia {unknown}
 l - a potion of heal wounds {unknown}
 r - a potion of brilliance {unknown}
Comestibles
 f - 6 rations


   Skills:
 + Level 2.8 Fighting
 + Level 6.9 Slings
 + Level 3.4 Dodging
 - Level 1.1 Stealth


You had 4 spell levels left.
You didn't know any spells.
Your spell library was empty.

Dungeon Overview and Level Annotations

Branches:
Dungeon (3/15)

Altars:
Elyvilon
Okawaru
Trog
Yredelemnul


Innate Abilities, Weirdness & Mutations

You are small and have problems with some larger weapons.
You are somewhat resistant to further mutation.


Message History

Aim: an orc priest, wielding a +0 whip and wearing a +0 ring mail You shoot a stone.
The stone hits the orc priest.
The orc priest is moderately wounded.
The orc priest hits you with a +0 whip. The orc barely misses you.
Firing (i - inventory)
k - 33 stones (quivered)
Press: ? - help, Shift-Dir - straight line, f/p - orc priest
Aim: an orc priest, wielding a +0 whip and wearing a +0 ring mail (moderately wounded)
You shoot a stone.
The stone hits the orc priest but does no damage.
The orc priest is moderately wounded.
The orc priest hits you with a +0 whip.
* * * LOW HITPOINT WARNING * * *
Firing (i - inventory)
k - 32 stones (quivered)
Press: ? - help, Shift-Dir - straight line, f/p - orc priest
Aim: an orc priest, wielding a +0 whip and wearing a +0 ring mail (moderately wounded)
You shoot a stone.
The stone hits the orc priest but does no damage.
The orc priest is moderately wounded.
The orc hits you with a +0 flail!
You die...

##### #######.... ######
##........##
####....######.###.##..##
#......>.......#
#....รท..
#.._..#.#.####.###)....##
#..8...o#.# ##...#.#.###
#(._..(o@.# #####......
#..(..###.## #....##
###..## ##.# #......
###.# #.# #....## #...#
#.# #....# #.....# #.##
#....# #..(...>.# #....#
#..(..#### #..### ##.(..#
#..#


You could see an orc priest and an orc.

Vanquished Creatures
  An adder (D:3)
  An ooze (D:2)
  An adder skeleton (D:2)
  A worm (D:2)
  3 dart slugs
  2 leopard geckos (D:2)
  3 orcs (D:3)
  A ball python (D:3)
  7 bats (D:1)
  3 giant cockroaches
  5 goblins
  7 hobgoblins
  7 jackals
  A quokka (D:2)
  10 frilled lizards
  5 kobolds
  5 rats
63 creatures vanquished.

Notes
Turn   | Place    | Note
-------+----------+-------------------------------------------
     0 | D:1      | PentaManta the Halfling Hunter began the quest for the Orb.
     0 | D:1      | Reached XP level 1. HP: 14/14 MP: 1/1
   127 | D:1      | Reached skill level 6 in Slings
   145 | D:1      | Reached XP level 2. HP: 19/19 MP: 2/2
   334 | D:1      | Reached XP level 3. HP: 22/24 MP: 3/3
  1137 | D:2      | Found a white marble altar of Elyvilon.
  1165 | D:2      | Reached XP level 4. HP: 27/30 MP: 4/4
  1792 | D:2      | Found a bloodstained altar of Trog.
  2005 | D:3      | Found an iron altar of Okawaru.
  2007 | D:3      | Found a basalt altar of Yredelemnul.
  2022 | D:3      | Became a worshipper of Warmaster Okawaru
  2053 | D:3      | Reached XP level 5. HP: 15/36 MP: 5/5
  2057 | D:3      | Slain by an orc

Skill      XL: |  1  2  3 |
---------------+----------+-----
Slings         | 6 |  6.9
Fighting       | 2 |  2.8
Dodging        | 3 |  3.4
Stealth        | |  1.1

Action                   |  1- 3 |  4- 6 || total
-------------------------+-------+-------++-------
Melee: Short sword       |     1 |    15 ||    16
 Fire: Hunting sling     |   104 |    71 ||   175
  Eat: Chunk             |       |     3 ||     3
Armor: Leather armour    |     8 |     4 ||    12
Dodge: Dodged            |    18 |    22 ||    40
